 Dungeon Crawl Stone Soup version 0.27.1-33-g824d729ab1 (webtiles) character file.

Game seed: 12066281241359331723

26 vvl the Ducker (level 2, -2/43 HPs)
             Began as a Troll Fighter on Dec 10, 2021.
             Succumbed to a gnoll's poison
             ... on level 1 of the Dungeon.
             The game lasted 00:02:28 (378 turns).

vvl the Ducker (Troll Fighter)                       Turns: 378, Time: 00:02:28

Health: -2/43      AC: 21    Str: 23    XL:     2   Next: 89%
Magic:  1/1        EV:  1    Int:  4    God:
Gold:   31         SH:  8    Dex:  9    Spells: 1/1 levels left

rFire    . . .     SeeInvis .     - Unarmed
rCold    . . .     Faith    .   b - +0 kite shield
rNeg     + + +     Spirit   .   (armour currently unavailable)
rPois    +         Reflect  .   (helmet currently unavailable)
rElec    .         Harm     .   (cloak currently unavailable)
rCorr    .         Rampage  .   (gloves unavailable)
Will     .....     NoTele   +   (boots unavailable)
Stlth    +.........             (no amulet)
HPRegen  1.14/turn              (no ring)
MPRegen  0.07/turn              (no ring)

@: lethally poisoned (-2 -> -10), tree-form
A: stationary, stasis, torment immunity, boosted hp, large, unfitting armour,
(claws 3), regeneration 1, (shaggy fur 1), (tough skin 1)
a: no special abilities


You were on level 1 of the Dungeon.
You were a tree.
You visited 1 branch of the dungeon, and saw 2 of its levels.

You collected 31 gold pieces.

Inventory:

Armour
 a - a +0 robe (melded)
 b - a +0 kite shield (worn)
Scrolls
 d - a scroll of teleportation {unknown}
Potions
 c - a potion of might


   Skills:
 + Level 2.5 Fighting
 + Level 2.5 Dodging
 + Level 2.5 Shields
 + Level 2.1 Unarmed Combat
 * Level 1.1 Necromancy
 + Level 0.5 Earth Magic


You had one spell level left.
You didn't know any spells.
Your spell library contained the following spells:

 Spells                   Type           Power      Damage    Failure   Level
 Stone Arrow              Conj/Erth      0%         3d7       99%         3
 Bolt of Magma            Conj/Fire/Erth 0%         4d4       100%        5
 Shatter                  Erth           0%         3d5*      100%        9


Dungeon Overview and Level Annotations

Branches:
Dungeon (2/15)

Altars:


Innate Abilities, Weirdness & Mutations

You are a tree.
Your roots penetrate the ground, keeping you stationary.
You cannot be teleported.
You are immune to unholy pain and torment.
Your maximum health is greatly increased.
Your equipment is partially melded.
You are too large for most types of armour.
((You have claws for hands.))
Your natural rate of healing is unusually fast.
((You are covered in fur. (AC +1)))
((You have tough skin. (AC +1)))


Message History

You kill the jackal!
No target in view!
No target in view!
No target in view!
Found a scroll labelled AFEANACREAVU.
d - a scroll labelled AFEANACREAVU
Found a dark potion.
e - a dark potion A gnoll is nearby!
A gnoll is nearby!
A gnoll is nearby!
A gnoll is nearby!
The gnoll hits you from afar with a +0 spear of venom.
You are poisoned.
You feel very sick.
The gnoll hits you with a +0 spear of venom.
You are lethally poisoned!
You barely miss the gnoll.
You feel very sick. You block the gnoll's attack.
You are too injured to fight recklessly!
You are too injured to fight recklessly!
You are too injured to fight recklessly!
You are too injured to fight recklessly!
You closely miss the gnoll.
* * * LOW HITPOINT WARNING * * *
You feel very sick.
The gnoll hits you with a +0 spear of venom.
* * * LOW HITPOINT WARNING * * *
You are more poisoned.
The gnoll closely misses you.
There is a lethal amount of poison in your body!
It was a potion of lignification.
You turn into a tree.
Your +0 robe melds into your body.
Your roots penetrate the ground.
* * * LOW HITPOINT WARNING * * *
You feel very sick. The gnoll hits you but does no damage.
You hit the gnoll.
The gnoll is lightly wounded.
You die...

### #.### #...# #.#.#
#.#.# #.#.# #♣#.# ######
#g#.# .....# #######.#.#
.....# #.......#.# .....#
#.####..# .....# #.#.....#
.....# #.#.#.#.#
S.########.#.#.....
#.#....†...#.#############


You could see a gnoll.

Vanquished Creatures
  A bat (D:1)
  2 endoplasms (D:1)
  3 goblins (D:1)
  A hobgoblin (D:1)
  4 jackals
  3 kobolds (D:1)
  2 quokkas (D:1)
  3 ball pythons (D:1)
  3 rats (D:1)
22 creatures vanquished.

Notes
Turn   | Place    | Note
-------+----------+-------------------------------------------
     0 | D:1      | vvl the Troll Fighter began the quest for the Orb.
     0 | D:1      | Reached XP level 1. HP: 22/22 MP: 0/0
    27 | D:1      | Reached XP level 2. HP: 29/29 MP: 1/1
   186 | D:1      | Reached skill level 1 in Necromancy
   377 | D:1      | HP: 2/43 [poisoned by a gnoll]
   378 | D:1      | Succumbed to a gnoll's poison

Illustrated notes

Levels and vault maps discovered:
D:1:      dpeg_arrival_ratfight, layout_basic, hangedman_decor_diamond_cutter,
          minmay_close_crescents
D:2:      layout_basic, grunt_ministairs_3

Skill      XL: |  1  2 |
---------------+-------+-----
Necromancy     | 1 |  1.1
Fighting       | |  2.5
Dodging        | |  2.5
Shields        | |  2.5
Unarmed Combat | |  2.1
Earth Magic    | |  0.5

Action                   || total
-------------------------++-------
Melee: Unarmed           ||    51
  Use: Potion            ||     1
Armor: Robe              ||    18
       Skin              ||     1
Dodge: Dodged            ||    21
Block: Kite shield       ||    19
